Map: Frozen Temple

Players

Miszu

  • Race: Terran Terran
  • League: Grandmaster

Rodzyn - Winner!

  • Race: Protoss Protoss
  • League: Grandmaster

VOD

Have the link to the VOD?

Description

Time

  • Played on: June 8, 2016, 1:45 p.m.
  • Length: 17:59
Show
View Real Time Build Order
Export as new Build Order

Miszu Terran 

Build Orders: Reaper Expand, MMM Bio 

Get SALT Encoding   

  12  0:00  SCV  
  13  0:12  SCV  
  14  0:17  Supply Depot  
  14  0:25  SCV  
  15  0:30  Supply Depot  
  15  0:39  SCV  
  15  0:42  Barracks  
  16  0:45  Refinery  
  16  0:52  SCV  
  17  1:04  SCV  
  18  1:16  SCV  
  19  1:28  Orbital Command  
  19  1:29  Reaper  
  20  1:42  Command Center  
  20  1:53  Supply Depot  
  20  1:54  SCV  
  21  1:59  Refinery  
  21  2:06  Barracks Reactor, SCV  
  22  2:18  SCV  
  23  2:23  Factory  
  23  2:34  SCV  
  24  2:42  Marine x2  
  26  2:46  SCV  
  27  2:54  Orbital Command  
  27  2:58  SCV  
  27  3:00  Marine x2  
  30  3:10  SCV  
  30  3:11  Starport  
  33  3:15  Factory Tech Lab, Widow Mine  
  33  3:20  SCV  
  33  3:21  Marine x2  
  33  3:22  SCV  
  36  3:32  SCV  
  37  3:34  SCV  
  37  3:38  Marine  
  37  3:39  Marine  
  40  3:41  Supply Depot  
  40  3:44  SCV  
  40  3:47  Medivac  
  43  3:51  SCV  
  43  3:52  Factory Tech Lab  
  44  4:00  Command Center  
  44  4:01  SCV  
  45  4:03  SCV  
  45  4:04  Engineering Bay  
  46  4:10  Siege Tank  
  46  4:13  SCV  
  46  4:16  Liberator  
  50  4:24  Marine x2  
  50  4:28  SCV x2  
  50  4:31  Supply Depot  
  54  4:33  Missile Turret x2  
  57  4:40  Barracks  
  57  4:41  Barracks  
  57  4:42  SCV  
  57  4:43  SCV  
  59  4:48  Terran Infantry Weapons Level 1  
  59  4:50  Refinery  
  59  4:54  SCV  
  59  4:59  Marine x2  
  62  5:04  Siege Tank, SCV  
  62  5:07  SCV  
  64  5:16  Orbital Command  
  64  5:17  Refinery  
  64  5:22  Starport Reactor, SCV  
  64  5:23  SCV  
  64  5:27  Marine  
  67  5:29  Barracks Tech Lab x2  
  67  5:34  SCV  
  67  5:35  SCV  
  69  5:38  Siege Tank  
  70  5:45  Orbital Command  
  70  5:47  Barracks, SCV  
  71  5:51  Barracks  
  71  5:55  Marine x2, Stimpack, Combat Shields  
  73  5:59  Medivac, SCV  
  73  6:00  SCV  
  77  6:05  Supply Depot  
  77  6:06  Marine  
  77  6:09  Marine  
  79  6:12  SCV x2  
  79  6:13  Marine x2  
  79  6:14  SCV  
  81  6:22  Siege Tank  
  81  6:24  SCV  
  85  6:26  Marine, SCV x2  
  85  6:27  Marine  
  85  6:29  Supply Depot  
  85  6:30  Supply Depot  
  89  6:35  Liberator  
  89  6:36  SCV  
  89  6:38  SCV x2  
  92  6:42  Barracks Reactor x2  
  92  6:44  Terran Infantry Armor Level 1  
  92  6:48  SCV  
  92  6:51  Marine x3, Marauder, SCV x2  
  103  7:00  SCV  
  103  7:01  Engineering Bay, Armory  
  104  7:05  Supply Depot  
  104  7:08  Marine x3  
  104  7:10  Refinery  
  104  7:12  Refinery  
  104  7:13  Marauder, Liberator  
  108  7:18  Liberator  
  106  7:26  Marine  
  110  7:42  Marine, Marauder  
  110  7:43  Marine  
  111  7:52  Marauder  
  111  7:58  Marine x2  
  114  8:02  Command Center  
  114  8:03  Barracks  
  114  8:04  Marauder  
  114  8:05  Barracks  
  117  8:06  Barracks  
  117  8:08  Concussive Shells  
  117  8:41  Ghost Academy, Terran Infantry Weapons Level 2  
  117  8:51  Marine  
  117  8:54  Marine, SCV  
  117  8:55  Marine  
  117  8:58  SCV  
  117  8:59  Marine  
  117  9:07  Medivac  
  117  9:08  Marine  
  117  9:09  Marine  
  117  9:10  Marine x2  
  117  9:11  Marauder, SCV  
  117  9:13  Medivac  
  117  9:14  Marauder  
  117  9:15  Marine  
  95  9:19  Marine x2  
  95  9:20  Marine x2  
  95  9:23  SCV x3  
  89  9:26  Marine  
  89  9:27  Marine  
  89  9:28  Terran Infantry Armor Level 2, Marine x2  
  89  9:33  Marine, Marauder  
  89  9:35  Marauder, SCV x3  
  89  9:37  Marine x3, Medivac  
  89  9:38  Marine  
  99  9:43  Medivac  
  99  9:44  Marine x2  
  104  9:45  Marine  
  104  9:46  Marine  
  104  9:47  SCV x2  
  104  9:51  Marine  
  109  9:54  Marine, Marauder  
  109  9:55  Marine x2  
  109  9:56  Marauder  
  109  9:57  SCV  
  109  9:59  SCV x2  
  119  10:09  SCV  
  119  10:13  Liberator x2  
  116  10:16  Marine x2, Marauder  
  116  10:17  Marine x4, Barracks Tech Lab x2  
  116  10:18  Barracks Tech Lab, Marauder  
  122  10:28  Supply Depot  
  128  10:37  Marauder  
  128  10:39  Marauder  
  123  10:46  Ghost  
  123  10:47  Ghost x2  
  123  10:49  Marine x2  
  124  10:58  Marauder  
  124  11:00  Marauder  
  124  11:04  Marine x2  
  130  11:15  Ghost x2  
  130  11:16  Marauder  
  130  11:17  SCV  
  137  11:19  Ghost  
  137  11:22  Marauder  
  140  11:38  Marine x6  
  139  11:40  Medivac  
  139  11:41  Medivac  
  140  11:59  Marine x2, Marauder  
  140  12:00  Marauder  
  140  12:10  Ghost  
  140  12:11  Marine x4, Marauder, Ghost  
  140  12:12  Terran Infantry Armor Level 3  
  140  12:14  Terran Infantry Weapons Level 3  
  150  12:17  Marine x2  
  150  12:20  Marine  
  150  12:21  Marine  
  154  12:28  Marine x4  
  158  12:32  Marine, Planetary Fortress  
  158  12:35  Marine x2  
  158  12:36  Missile Turret  
  161  12:37  Command Center  
  161  12:38  Marine  
  161  12:39  Marine x2  
  161  12:43  Marine  
  164  12:51  Marine  
  164  12:52  Marauder  
  160  13:04  Viking  
  160  13:05  Viking  
  156  13:10  Marine x3  
  156  13:11  Marine x7  
  161  13:13  Marine  
  161  13:16  Starport  
  162  13:28  Marine x2  
  164  13:37  Marine x2  
  164  13:38  Marine x3  
  164  13:40  Supply Depot  
  164  13:48  Marine x2, Medivac x2  
  146  13:55  Viking  
  146  13:58  Ghost  
  146  13:59  Ghost x2  
  146  14:00  Marine x2  
  150  14:02  Ghost  
  150  14:05  Ghost  
  141  14:18  Viking x2  
  135  14:27  Ghost  
  134  14:32  Ghost x2  
  134  14:35  Ghost x2  
  134  14:36  Marine x2  
  134  14:37  Viking, Marine x2  
  144  14:48  Viking x2  
  144  14:49  Marine  
  144  14:50  Marine  
  146  14:54  Marine  
  138  15:01  Marine  
  138  15:02  Marine x2, Marauder  
  141  15:07  Viking  
  141  15:09  Marine  
  141  15:10  Marine  
  145  15:18  Viking x2  
  147  15:27  Marine  
  146  15:31  SCV  
  146  15:33  Marine x3  
  150  15:37  Viking  
  150  15:38  Marine x4, Marauder  
  158  15:48  Viking x2  
  160  15:58  Planetary Fortress  
  160  16:00  Missile Turret  
  162  16:04  Marine, Marauder x2  
  162  16:07  Viking  
  162  16:08  Marauder  
  162  16:10  Marauder  
  171  16:18  Viking x2  
  119  16:55  Medivac x3  
  127  17:07  Ghost x5  
  125  17:09  Marine x3  
  125  17:10  Marine x3  
  126  17:25  Medivac x2  
  125  17:33  Marine  
  125  17:34  Marine x5  
  125  17:36  Marine  
Show
View Real Time Build Order
Export as new Build Order

Rodzyn Protoss - Winner!

Build Orders: 1 Gate Expand 

Get SALT Encoding   

  12  0:00  Probe (Chrono Boost)  
  13  0:11  Probe (Chrono Boost)  
  14  0:17  Pylon  
  14  0:22  Probe (Chrono Boost)  
  15  0:35  Probe (Chrono Boost)  
  16  0:37  Gateway  
  16  0:45  Probe (Chrono Boost)  
  16  0:49  Assimilator  
  17  0:56  Probe (Chrono Boost)  
  18  1:07  Probe (Chrono Boost)  
  19  1:20  Nexus  
  19  1:30  Cybernetics Core  
  19  1:34  Probe (Chrono Boost)  
  19  1:39  Assimilator  
  20  1:44  Probe (Chrono Boost)  
  21  1:49  Pylon  
  21  1:55  Probe (Chrono Boost)  
  22  2:05  Probe (Chrono Boost)  
  22  2:06  Warp Gate  
  22  2:07  Adept (Chrono Boost)  
  25  2:17  Probe  
  26  2:24  Twilight Council  
  26  2:29  Probe (Chrono Boost)  
  27  2:32  Probe (Chrono Boost)  
  27  2:41  Probe (Chrono Boost)  
  28  2:45  Adept, Probe (Chrono Boost)  
  31  2:54  Probe (Chrono Boost)  
  31  2:55  Mothership Core (Chrono Boost)  
  34  3:03  Resonating Glaives (Chrono Boost)  
  34  3:05  Probe  
  35  3:14  Probe (Chrono Boost)  
  35  3:17  Probe (Chrono Boost)  
  37  3:23  Robotics Facility  
  37  3:25  Probe (Chrono Boost)  
  38  3:28  Probe (Chrono Boost)  
  39  3:36  Probe (Chrono Boost)  
  39  3:38  Probe (Chrono Boost)  
  41  3:42  Pylon  
  41  3:44  Gateway  
  41  3:45  Probe (Chrono Boost)  
  41  3:46  Gateway  
  42  3:49  Probe  
  42  3:55  Probe  
  44  4:03  Probe  
  44  4:08  Nexus  
  45  4:11  Probe  
  46  4:18  Observer (Chrono Boost), Probe  
  48  4:25  Assimilator, Probe  
  48  4:28  Stalker  
  48  4:30  Assimilator  
  51  4:37  Blink (Chrono Boost)  
  51  4:44  Pylon  
  54  4:45  Pylon, Probe  
  54  4:50  Pylon  
  54  4:59  Observer  
  54  5:01  Probe  
  53  5:13  Probe  
  54  5:14  Probe  
  54  5:17  Stalker x2  
  54  5:18  Sentry  
  61  5:22  Probe  
  61  5:25  Probe  
  61  5:27  Probe  
  64  5:33  Probe  
  64  5:37  Warp Prism  
  64  5:38  Probe  
  64  5:39  Probe  
  68  5:43  Probe  
  68  5:44  Stalker x3  
  75  5:50  Probe  
  75  5:51  Pylon, Probe  
  75  5:54  Probe  
  75  5:55  Pylon  
  78  6:02  Pylon, Probe  
  76  6:07  Stalker  
  76  6:08  Stalker x2  
  76  6:09  Probe  
  79  6:15  Probe  
  79  6:16  Immortal, Probe  
  79  6:21  Probe  
  79  6:25  Templar Archives  
  84  6:28  Probe  
  85  6:33  Charge (Chrono Boost)  
  85  6:37  Assimilator  
  85  6:38  Probe  
  86  6:44  Adept x3  
  86  6:46  Probe  
  93  6:50  Gateway  
  93  6:55  Gateway  
  92  7:04  Psionic Storm, Probe  
  92  7:06  Immortal, Probe  
  94  7:11  Gateway  
  98  7:32  Probe  
  98  7:34  High Templar x3  
  98  7:36  Probe x2  
  106  7:38  Assimilator  
  106  7:41  Gateway  
  106  7:44  Gateway, Probe  
  108  7:50  Immortal, Probe  
  104  7:51  Probe  
  104  7:56  Probe  
  104  7:57  Stargate, Zealot x2  
  104  7:58  Pylon  
  113  8:06  Pylon  
  113  8:09  Pylon x2  
  113  8:14  Nexus  
  113  8:16  High Templar  
  113  8:17  Zealot  
  117  8:20  Zealot  
  117  8:21  Zealot  
  117  8:26  Stalker  
  123  8:27  Stalker  
  124  8:41  Adept x3  
  128  8:45  Zealot x2  
  131  8:56  Probe  
  131  8:57  Zealot x2  
  131  9:02  Stalker x2, Zealot x2  
  137  9:13  Archon  
  125  9:20  Zealot x2  
  125  9:21  Zealot x2  
  125  9:22  Probe  
  125  9:23  Probe  
  135  9:29  High Templar  
  135  9:30  High Templar x3  
  139  9:31  Nexus  
  139  9:32  Probe  
  139  9:34  Probe  
  141  9:46  Forge  
  141  9:48  Forge  
  135  10:03  Zealot x6  
  135  10:04  Zealot  
  149  10:10  Warp Prism  
  149  10:13  Pylon x2  
  141  10:15  Pylon  
  141  10:18  Stargate  
  141  10:20  High Templar x2  
  141  10:23  Pylon  
  139  10:29  High Templar x2  
  131  10:45  Immortal  
  131  10:47  Protoss Ground Armor Level 1 (Chrono Boost)  
  131  10:48  Protoss Ground Weapons Level 1 (Chrono Boost), Stalker x3  
  131  10:49  Zealot  
  139  11:00  High Templar x2  
  139  11:02  Fleet Beacon, Zealot  
  145  11:14  Zealot x4  
  147  11:26  High Templar  
  147  11:28  Immortal  
  147  11:34  Zealot x3  
  147  11:35  Zealot x3  
  157  11:40  Archon  
  157  11:45  Pylon  
  157  11:50  Zealot  
  157  11:54  Probe x2  
  156  12:03  Tempest x2 (Chrono Boost)  
  164  12:11  High Templar  
  164  12:12  High Templar  
  166  12:16  Probe x3  
  166  12:18  Assimilator  
  166  12:19  Assimilator  
  166  12:20  Probe  
  170  12:28  Probe  
  171  12:36  Stalker x2  
  175  12:37  Stalker x3  
  175  12:41  Zealot  
  175  12:43  Tempest (Chrono Boost)  
  183  13:02  Protoss Ground Armor Level 2, Protoss Ground Weapons Level 2  
  171  13:11  High Templar x2  
  171  13:12  High Templar x2  
  169  13:13  Zealot x4  
  169  13:16  Archon  
  169  13:18  Probe x2  
  181  13:22  Warp Prism, Tempest (Chrono Boost)  
  187  13:31  Probe  
  187  13:33  Probe  
  179  13:52  Stalker x4  
  179  13:54  Zealot x2  
  190  14:01  Nexus  
  175  14:27  Zealot x6  
  175  14:28  Zealot x2  
  191  14:41  Archon, Pylon  
  191  14:42  Archon  
  189  14:50  High Templar x2  
  189  14:51  High Templar  
  179  15:03  High Templar x3  
  185  15:10  Probe  
  186  15:14  Robotics Facility  
  186  15:15  Protoss Air Weapons Level 1  
  186  15:16  Robotics Bay  
  186  15:29  Zealot  
  186  15:30  Zealot x4  
  196  15:39  Assimilator  
  196  15:40  Assimilator  
  196  15:41  Pylon  
  184  15:50  Extended Thermal Lance  
  182  16:02  Robotics Facility  
  182  16:03  Colossus (Chrono Boost), Pylon  
  188  16:04  Colossus (Chrono Boost)  
  194  16:16  High Templar  
  192  16:28  Pylon  
  192  16:30  Assimilator  
  192  16:32  Assimilator  
  181  16:35  Nexus  
  159  16:54  Colossus x2 (Chrono Boost)  
  159  16:56  Zealot x2  
  159  16:57  Zealot x5  
  173  17:25  Zealot x3  
  173  17:26  Zealot x5  
  173  17:29  Assimilator  
  187  17:30  Assimilator  
  185  17:45  Archon x2  
  185  17:50  Archon  
Tags
 
Add a new tag
Caveats
  • Supply blocks, unpowered buildings, or Contaminate may cause inaccurate times.
  • Supply counts are checked every 10 seconds.